 Dungeon Crawl Stone Soup version 0.27-a0-1287-gca74d27db6 (webtiles) character file.

Game seed: 14178821046639177584

664 flotson the Skirmisher (level 7, -3/55 HPs)
             Began as a Demonspawn Fighter on June 14, 2021.
             Slain by a sixfirhy (10 damage)
             ... summoned by a kobold demonologist
             ... on level 5 of the Dungeon.
             The game lasted 00:08:28 (5677 turns).

flotson the Skirmisher (Demonspawn Fighter)         Turns: 5677, Time: 00:08:28

Health: -3/55      AC:  8    Str: 19    XL:     7   Next: 31%
Magic:  7/7        EV:  8    Int:  9    God:
Gold:   203        SH: 13    Dex: 12    Spells: 6/6 levels left

rFire    . . .     SeeInvis .   r - +2 dagger (chaos)
rCold    . . .     Faith    .   c - +0 kite shield
rNeg     . . .     Spirit   .   e - +0 scale mail
rPois    .         Reflect  .   (no helmet)
rElec    .         Harm     .   (no cloak)
rCorr    .         Rampage  .   (no gloves)
Will     .....                  l - +0 pair of boots
Stlth    ..........             (no amulet)
HPRegen  0.18/turn              (no ring)
MPRegen  0.10/turn              (no ring)

@: no status effects
A: claws 1, foul stench 1, condensation shield
a: no special abilities


You were on level 5 of the Dungeon.
You visited 1 branch of the dungeon, and saw 5 of its levels.

You collected 203 gold pieces.

Inventory:

Hand Weapons
 a - a +0 war axe
 b - a +0 hunting sling
 r - a +2 dagger of chaos (weapon)
Missiles
 k - 18 poisoned darts (quivered)
 n - 18 sling bullets
 s - 5 boomerangs of dispersal
Armour
 c - a +0 kite shield (worn)
 e - a +0 scale mail (worn)
 l - a +0 pair of boots (worn)
Wands
 p - a wand of flame (15)
Scrolls
 f - a scroll of identify {unknown}
 i - a scroll of acquirement {unknown}
 j - a scroll of teleportation {unknown}
Potions
 d - a potion of might
 g - 2 potions of curing
 h - 2 potions of lignification {unknown}
 o - a potion of flight {unknown}
 q - a potion of heal wounds {unknown}
 t - a potion of mutation {unknown}


   Skills:
 + Level 4.3 Fighting
 + Level 3.3 Axes
 + Level 1.9 Throwing
 + Level 4.0 Armour
 + Level 2.5 Dodging
 + Level 3.9 Shields
 + Level 2.1 Evocations


You had 6 spell levels left.
You didn't know any spells.
Your spell library was empty.

Dungeon Overview and Level Annotations

Branches:
Dungeon (5/15)
 Temple: D:4-7

Altars:
Kikubaaqudgha
Xom

Shops:
D:1 ?


Innate Abilities, Weirdness & Mutations

You have sharp fingernails.
You may rarely emit foul miasma when damaged in melee.
A meltable shield of frost defends you. (SH +4)


Message History

The kobold demonologist hits you but does no damage.
You miss the kobold demonologist.
The kobold demonologist is lightly wounded.
You block the kobold demonologist's attack.
You barely miss the kobold demonologist.
The kobold demonologist is lightly wounded.
You block the sixfirhy's attack. The sixfirhy hits you.
The sixfirhy shocks you! You block the sixfirhy's attack. x2
The kobold demonologist hits you with a +0 dagger.
The sixfirhy hits you. The sixfirhy shocks you!
You emit a cloud of foul miasma!
You closely miss the kobold demonologist.
The kobold demonologist is lightly wounded.
You block the sixfirhy's attack. The sixfirhy closely misses you.
You block the sixfirhy's attack.
The kobold demonologist hits you with a +0 dagger.
The kobold demonologist hits you but does no damage.
Unknown command.
Aiming: Corrosive Bolt
Press: ? - help, Shift-Dir - straight line, f - kobold demonologist
Aim: a kobold demonologist, wielding a +0 dagger and wearing a +0 robe (lightly wounded, 60% to hit)
The bolt of acid hits the kobold demonologist!
The kobold demonologist is splashed with acid.
The kobold demonologist is severely wounded.
The kobold demonologist miscasts a cantrip.
Aiming: Corrosive Bolt
Press: ? - help, Shift-Dir - straight line, p - kobold demonologist The now-empty wand crumbles to dust.
The kobold demonologist completely misses you.
Okay, then.
You closely miss the kobold demonologist.
The kobold demonologist is severely wounded.
You hear the slow hiss of a very distant avalanche of sand.
You block the sixfirhy's attack. x2; The sixfirhy barely misses you.
The sixfirhy hits you. The sixfirhy shocks you!
* * * LOW HITPOINT WARNING * * *
The sixfirhy hits you.
* * * LOW HITPOINT WARNING * * *
The sixfirhy shocks you!
You die...

................###
..............##..#
.............######
###.........##
#####....##
#.....###
#.......##
#...#.....###
#...######53@# #...
###K..# #.... ...##
##.. ...)# ....##
...#.# ..##.## ..#
.


You could see a kobold demonologist, a sixfirhy (summoned) and a white imp
(summoned).

Vanquished Creatures
  A steam dragon (D:4)
  An orc warrior (D:4)
  A howler monkey (D:4)
  4 crimson imps (D:4)
  2 orc wizards (D:4)
  A hound skeleton (D:4)
  3 gnolls (D:4)
  7 adders
  A shadow imp (D:5)
  An adder skeleton (D:4)
  3 worms (D:2)
  2 dart slugs
  5 orcs (D:4)
  9 endoplasms
  4 giant cockroaches
  15 goblins
  5 hobgoblins
  5 jackals (D:4)
  2 quokkas (D:1)
  7 ball pythons
  4 bats
  2 frilled lizards
  8 kobolds
  8 rats
101 creatures vanquished.

Vanquished Creatures (collateral kills)
  A kobold (D:4)
1 creature vanquished.

Grand Total: 102 creatures vanquished

Notes
Turn   | Place    | Note
-------+----------+-------------------------------------------
     0 | D:1      | flotson the Demonspawn Fighter began the quest for the Orb.
     0 | D:1      | Reached XP level 1. HP: 18/18 MP: 1/1
    37 | D:1      | Found Viorchos's Magic Scroll Emporium.
   446 | D:1      | Gained mutation: You may rarely emit foul miasma when
                  | damaged in melee. [demonic ancestry]
   446 | D:1      | Reached XP level 2. HP: 24/24 MP: 2/2
   478 | D:1      | You fall into a shaft and drop 1 floor!
   602 | D:2      | Reached XP level 3. HP: 10/29 MP: 3/3
   824 | D:2      | Reached skill level 1 in Dodging
  1981 | D:2      | Gained mutation: You have sharp fingernails. [demonic
                  | ancestry]
  1981 | D:2      | Reached XP level 4. HP: 27/35 MP: 4/4
  2514 | D:3      | Found an ancient bone altar of Kikubaaqudgha.
  3086 | D:4      | Noticed an orc warrior
  3389 | D:4      | Reached XP level 5. HP: 35/41 MP: 5/5
  3705 | D:4      | Killed an orc warrior
  3706 | D:4      | Reached skill level 1 in Throwing
  3706 | D:4      | Reached skill level 1 in Evocations
  4030 | D:4      | Found a shimmering altar of Xom.
  4053 | D:4      | Reached XP level 6. HP: 48/48 MP: 6/6
  4229 | D:4      | Noticed a steam dragon
  4259 | D:4      | Killed a steam dragon
  4582 | D:4      | Gained mutation: A meltable shield of frost defends you.
                  | (SH +4) [demonic ancestry]
  4582 | D:4      | Reached XP level 7. HP: 33/54 MP: 7/7
  5479 | D:5      | Entered Level 5 of the Dungeon
  5668 | D:5      | Noticed a kobold demonologist
  5671 | D:5      | Noticed a sixfirhy
  5677 | D:5      | Slain by a sixfirhy

Illustrated notes

Levels and vault maps discovered:
D:1:      zaba_arrival_water, layout_rooms, serial_shops, shop,
          dk_noncrumbling_2, minmay_bisected
D:2:      layout_basic, kennysheep_generic_room_15
D:3:      layout_loops_ring, nicolae_overflow_hidden_temple, minmay_box_of_dots
D:4:      layout_loops_ring, led_xom_imps, kennysheep_dice
D:5:      layout_layer_cave, makhleb_blood_cavern_becter,
          nicolae_ossuary_entry_ruins

Skill      XL: |  1  2  3  4  5  6  7 |
---------------+----------------------+-----
Axes           | 2 3 |  3.3
Armour         | 3 4 |  4.0
Dodging        | 1 2 |  2.5
Shields        | 3 |  3.9
Throwing       | 1 |  1.9
Evocations     | 1 2 |  2.1
Fighting       | 4 |  4.3

Action                   |  1- 3 |  4- 6 |  7- 9 || total
-------------------------+-------+-------+-------++-------
Melee: War axe           |   122 |   129 |       ||   251
       Dagger            |       |    21 |    85 ||   106
Throw: Dart              |       |    29 |     1 ||    30
Evoke: Wand              |       |     4 |     2 ||     6
Armor: Scale mail        |    57 |    68 |    31 ||   156
Dodge: Dodged            |    44 |    55 |    17 ||   116
Block: Kite shield       |    72 |    67 |    66 ||   205

Table legend: (Time is in decaauts)
 A = Elapsed time spent in this place.
 B = Non-inter-level travel time spent in this place.
 C = Inter-level travel time spent in this place.
 D = Time resting spent in this place.
 E = Time spent auto-exploring this place.
 F = Levels seen in this place.
 G = Mean time per level.
                   A        B        C        D        E       F      G
               +--------+--------+--------+--------+--------+-----+--------+
         Total |   5861 |   5622 |    239 |    338 |   4297 |   5 | 1172.2 |
       Dungeon |   5861 |   5622 |    239 |    338 |   4297 |   5 | 1172.2 |
               +--------+--------+--------+--------+--------+-----+--------+

Top non-repeatable levels by time:
     D:4: 2060 daAuts
     D:1: 1232 daAuts
     D:2: 1192 daAuts
     D:3: 1174 daAuts
     D:5: 201 daAuts
